Construct Section Command Post
Construct Platoon Command Post
Unlock M3 Stuart Light Tanks
6-pounder Anti-tank Gun Team
Selects Air and Sea Battlegroup
Selects Centaur Medium Tank
Selects Commando Section Paradrop
Selects Commando Support Section Paradrop
Unlock Bishop Self-propelled Artillery
Commando Support Section Paradrop
Bishop Self-propelled Artillery
Commando Section Paradrop
Construct Company Command Post
Unlock M3 Grant Medium Tanks
Unlock Towed 17-pounder Anti-tank Guns
Selects Incendiary Bombing Run